 Dungeon Crawl Stone Soup version 0.20-a0-945-g3bf614a (webtiles) character file.

92 CkaM3 the Insei (level 4, 35/35 HPs)
             Began as a Draconian Transmuter on Apr 1, 2017.
             Quit the game on level 3 of the Dungeon.
             The game lasted 00:04:34 (2812 turns).

CkaM3 the Insei (Draconian Transmuter)              Turns: 2812, Time: 00:04:34

Health: 35/35      AC:  5    Str: 12    XL:     4   Next: 35%
Magic:  7/7        EV: 12    Int: 16    God:
Gold:   121        SH:  0    Dex: 12    Spells: 6/7 levels left

rFire    . . .     SeeInvis .     - Unarmed
rCold    . . .     Gourm    .   (no shield)
rNeg     . . .     Faith    .   (armour unavailable)
rPois    .         Spirit   .   (helmet restricted)
rElec    .         Reflect  .   (no cloak)
rCorr    .         Harm     .   (no gloves)
MR       .....                  (no boots)
Stlth    +.........             (no amulet)
Regen    0.2/turn               (no ring)
MPRegen  0.1/turn               (no ring)

@: no status effects
A: unfitting armour, clever 1, deterioration 1, cold-blooded, AC +5
a: no special abilities


You were on level 3 of the Dungeon.
You were not hungry.

You visited 1 branch of the dungeon, and saw 3 of its levels.

You collected 121 gold pieces.

Inventory:

Missiles
 a - 76 arrows
Scrolls
 j - a scroll of magic mapping {unknown}
 k - a scroll of noise {unknown}
Potions
 f - a potion of degeneration
 g - a potion of brilliance
Books
 b - a book of Changes

   Spells                             Type                      Level
   a - Beastly Appendage              Transmutation                1
   b - Sticks to Snakes               Transmutation                2
   c - Spider Form                    Transmutation/Poison         3
   d - Ice Form                       Ice/Transmutation            4
   e - Blade Hands                    Transmutation                5
Comestibles
 c - a bread ration
 d - 2 meat rations
 i - a royal jelly
 m - 4 fruits


   Skills:
 - Level 1.1 Fighting
 - Level 1.7 Dodging
 + Level 5.2 Unarmed Combat
 - Level 2.0 Spellcasting
 - Level 2.0 Transmutations


You had 6 spell levels left.
You knew the following spells:

 Your Spells              Type           Power        Failure   Level  Hunger
a - Beastly Appendage     Tmut           #.....       10%         1    #......


Dungeon Overview and Level Annotations

Branches:
Dungeon (3/15)

Altars:
Ashenzari
Xom

Annotations:
D:2 1 runed door
D:3 CkaM3's ghost, amateur DrTm


Innate Abilities, Weirdness & Mutations

Your plain brown scales are hard. (AC +5)
You cannot fit into any form of body armour.
You are cold-blooded and may be slowed by cold attacks.
Your mind is acute. (Int +2)
Your body sometimes deteriorates upon taking damage.


Message History

Your magical contamination has completely faded away.
You start resting.
Eating a chunk of flesh.
You eat the chunk of flesh.
This raw flesh tastes terrible.
HP restored.
Things that are here:
a flail; a scale mail
Found 16 bolts.
j - a scroll labeled QAKLIT UMUD
As you read the scroll labeled NOTIOXO ONIE, it crumbles to dust.
It is a scroll of identify.
f - a potion of degeneration
As you read the scroll of identify, it crumbles to dust.
g - a potion of brilliance
As you read the scroll of identify, it crumbles to dust.
h - a potion of mutation You feel extremely strange.
You feel yourself wasting away.
You feel clever.
It was a potion of curing.
You feel better.
Are you sure you want to abandon this character and quit the game? (Confirm with "yes".)

.#.#.#######.##.#
#....#### .#.#..#
#....# #.#..##
......# ######
#.#...# .#.#..#
#.#.>.### .#.#..#
#.....#.. .#.#..#
###.###.# ##.....
#.#..<# ###....
############
#.#...# #.....
#.(@..#....#
#.##### ......
#...#.)<...#
#......
#...########
####### #....
#.#(# #.#.. #.###
#.


There were no monsters in sight!

Vanquished Creatures
  Terence (D:3)
  2 adders (D:2)
  A dart slug (D:1)
  2 leopard geckos (D:1)
  An orc (D:3)
  6 bats
  4 giant cockroaches
  4 goblins
  7 hobgoblins
  4 kobolds
  A quokka (D:3)
  A frilled lizard (D:2)
  5 rats
39 creatures vanquished.

Notes
Turn   | Place    | Note
-------+----------+-------------------------------------------
     0 | D:1      | CkaM3 the Draconian Transmuter began the quest for the Orb.
     0 | D:1      | Reached XP level 1. HP: 16/16 MP: 3/3
    95 | D:1      | Reached XP level 2. HP: 6/23 MP: 5/5
   613 | D:1      | Reached skill level 4 in Unarmed Combat
   890 | D:2      | Reached XP level 3. HP: 20/28 MP: 4/6
  1667 | D:2      | Found a runed door.
  2100 | D:3      | Found a shimmering altar of Xom.
  2101 | D:3      | Found a shattered altar of Ashenzari.
  2202 | D:3      | Upgraded the game from 0.20-a0-942-ga5226df to 0.20-a0-945-g3bf614a
  2226 | D:3      | Noticed CkaM3's ghost (amateur DrTm)
  2607 | D:3      | Noticed Terence
  2618 | D:3      | Killed Terence
  2618 | D:3      | Reached skill level 5 in Unarmed Combat
  2618 | D:3      | Reached XP level 4. HP: 14/35 MP: 7/7
  2810 | D:3      | Gained mutation: Your body sometimes deteriorates upon taking damage. [potion of mutation]
  2810 | D:3      | Gained mutation: Your mind is acute. (Int +2) [potion of mutation]
  2812 | D:3      | Quit the game

Vault maps used:
D:1:      tarquinn_simple_flora_water_a, st_stairs_14, grunt_decor_arrowhead
D:2:      minivault_11, kennysheep_generic_room_3, uniq_crazy_yiuf_cottage
D:3:      nicolae_overflow_hidden_temple, uniq_terence

Skill      XL: |  1  2  3 |
---------------+----------+-----
Unarmed Combat | 4 5 |  5.2
Fighting       | |  1.1
Dodging        | |  1.7
Spellcasting   | |  2.0
Transmutations | |  2.0

Action                   |  1- 3 |  4- 6 || total
-------------------------+-------+-------++-------
Melee: Unarmed           |   154 |       ||   154
       Tailslap          |    14 |       ||    14
 Cast: Beastly Appendage |     2 |       ||     2
  Use: Scroll            |       |     3 ||     3
       Potion            |       |     2 ||     2
 Stab: Sleeping          |     1 |       ||     1
  Eat: Chunk             |     5 |     1 ||     6
Armor: Skin              |    38 |       ||    38
Dodge: Dodged            |    93 |       ||    93
